 Dungeon Crawl Stone Soup version 0.31-a0-632-g766dd24fdf (webtiles) character file.

Game seed: 1830549028802313037

8 ytrimaz the Ruffian (level 2, 21/21 HPs)
             Began as a Demonspawn Shapeshifter on Aug 25, 2023.
             Quit the game on level 1 of the Dungeon.
             The game lasted 00:00:51 (173 turns).

ytrimaz the Ruffian (Demonspawn Shapeshifter)        Turns: 173, Time: 00:00:51

Health: 21/21      AC:  2    Str: 15    XL:     2   Next: 0%
Magic:  2/2        EV: 12    Int:  9    God:
Gold:   8          SH:  0    Dex: 13    Spells: 1/1 levels left

rFire   . .          .
                       - Unarmed
rCold   . . .        (no shield)
rNeg    . . .        a - +0 animal skin
rPois   .            (helmet currently unavailable)
rElec   .            (cloak currently unavailable)
rCorr   .            (gloves currently unavailable)
SInv    .            (boots currently unavailable)
Will    .....        (no amulet)
Stlth   +            (no ring)
HPRegen 0.23/turn    (no ring)
MPRegen 0.08/turn

%: no passive effects
@: beast-form
A: beast (slay +1), demonic magic 1
a: Begin Untransformation


You were on level 1 of the Dungeon.
You were a hulking beast.
You visited 1 branch of the dungeon, and saw 1 of its levels.

You collected 8 gold pieces.


Innate Abilities, Weirdness & Mutations

You are a hulking beast.
Your limbs bulge with bestial killing power. (Slay +1)
Spells you cast may paralyse adjacent enemies.


   Skills:
 - Level 1.0 Fighting
 - Level 1.7 Dodging
 + Level 3.0 Unarmed Combat
 + Level 2.9 Shapeshifting


You had one spell level left.
You didn't know any spells.
Your spell library contained the following spells:

 Spells                   Type           Power      Damage    Failure   Level
 Sublimation of Blood     Necr           0%         N/A       52%         2
 Wereblood                Tmut           0%         N/A       52%         2
 Summon Hydra             Summ           0%         N/A       100%        7

Inventory:

Armour
 a - a +0 animal skin (worn)
Jewellery
 e - an amulet of reflection
   (You found it on level 1 of the Dungeon)
Talismans
 c - a beast talisman (active)
 d - a flux talisman
Scrolls
 f - a scroll of amnesia {unknown}
 g - a scroll of identify {unknown}
Potions
 b - a potion of lignification

Dungeon Overview and Level Annotations

Branches:
Dungeon (1/15) Zot: 5828

Altars:

Shops:
D:1

:
..#.####....................
..#.# #.###...#............
....## #.###...#.###.##...#.
.....###.#.....#.###.# ...#
..#..................## ..#
.........#.....†....... ...
..#.#..............#.##
...............#.###.##.
.##.#.##.###....h.......
.##.#.##.# #...#)######.
........ ......... .####.##
###....... ........
.....###.# .####### ###...
.# .# #... .# .# #.. . .#


There were no monsters in sight!


Message History

The bat barely misses you. x2 😎 HP[+1]
Your hp is fully restored (15).
You hit the bat but do no damage. The bat barely misses you.
The bat hits you but does no damage.
You barely miss the bat. The bat barely misses you. The bat closely misses you.
The bat hits you but does no damage.
You hit the bat.
You kill the bat!
You see here a bat corpse.
g - a scroll labelled ASYARI ALYLU You see here 7 stones.
Key pressed, stopping explore. 2 bats come into view.
The bat hits you but does no damage.
There are monsters nearby!
There are monsters nearby!
You hit the bat. The bat hits you but does no damage.
You barely miss the bat. The bat hits you but does no damage.
You miss the bat. The bat barely misses you. The bat closely misses you.
The bat hits you but does no damage. The bat hits you.
The bat barely misses you. The bat closely misses you. 😕 HP[-1]
You take 1 damage, and now have 14/15 hp.
You closely miss the bat. The bat hits you.
The bat hits you but does no damage.
You hit the bat but do no damage. The bat closely misses you.
The bat hits you but does no damage. The bat misses you.
The bat hits you but does no damage.
You hit the bat.
You kill the bat!
The bat barely misses you.
You hit the bat.
You kill the bat!
You see here a bat corpse. 😎 HP[+1]
Your hp is fully restored (15).
A rat comes into view.
A rat is nearby!
A rat is nearby!
A rat is nearby!
A rat is nearby!
Found Ribemiargh's Book Emporium.
Found an escape hatch in the floor.
The rat barely misses you.
You hit the rat.
You kill the rat!
You see here a rat corpse.
An endoplasm comes into view.
An endoplasm is nearby!
An endoplasm is nearby!
There is an escape hatch in the floor here.
A goblin comes into view. It is wielding a +0 dagger.
The helpless endoplasm fails to defend itself.
You hit the endoplasm.
You kill the endoplasm!
The goblin shouts!
You hit the goblin but do no damage. The goblin misses you.
You hit the goblin. The goblin closely misses you.
You hit the goblin. The goblin barely misses you.
You barely miss the goblin. The goblin hits you but does no damage.
You closely miss the goblin. The goblin hits you but does no damage.
A goblin is nearby!
You hit the goblin but do no damage. The goblin barely misses you.
You closely miss the goblin. The goblin barely misses you.
A goblin is nearby!
You closely miss the goblin. The goblin closely misses you.
You barely miss the goblin. The goblin barely misses you.
You completely miss the goblin.
The goblin hits you with a +0 dagger. 😕 HP[-2]
You take 2 damage, and now have 13/15 hp.
You punch the goblin!
You kill the goblin! 😕 HP[+1]
You see here a +0 dagger.
A bat comes into view.
The bat moves out of view.
There is an entrance to Ribemiargh's Book Emporium here. 😎 HP[+1]
Your hp is fully restored (15).
A bat is nearby!
A bat is nearby!
The bat closely misses you.
You closely miss the bat. The bat hits you but does no damage.
The bat closely misses you. The bat barely misses you.
The bat completely misses you.
You punch the bat!
You kill the bat!
A kobold comes into view. It is wielding a +0 dagger.
The kobold shouts!
You hit the kobold.
You kill the kobold!
Your Unarmed Combat skill increases to level 3!
You have reached level 2!
Your demonic ancestry asserts itself...
A menacing aura infuses your magic. 😎 HP[+6] MP[+1]
You now have 21 max hp (+6).
Your hp is fully restored (21).
Your mp is fully restored (2).
Are you sure you want to abandon this character and quit the game? (Confirm with "yes".)

Skill      XL: |  1 |
---------------+----+-----
Unarmed Combat | 3 |  3.0
Fighting       | |  1.0
Dodging        | |  1.7
Shapeshifting  | |  2.9

Action                     || total
---------------------------++-------
  Melee: Unarmed           ||    31
   Stab: Sleeping          ||     1
 Armour: Animal skin       ||    15
  Dodge: Dodged            ||    30

Levels and vault maps discovered:
D:1:      ncdulo_lavacross, layout_basic, serial_shops,
          nicolae_shop_statue_plus, dilly_ecumenical_altar_fadedgnrine,
          minmay_misc_feat_rows

Notes
Turn   | Place    | Note
-------+----------+-------------------------------------------
     0 | D:1      | ytrimaz the Demonspawn Shapeshifter began the quest for the
                  | Orb.
     0 | D:1      | Reached XP level 1. HP: 15/15 MP: 1/1
     0 | D:1      | magus.rc [v1.9.6]
    33 | D:1      | You pick up a book of Blood and begin reading...
    33 | D:1      | You add the spells Sublimation of Blood, Wereblood and
                  | Summon Hydra to your library.
   117 | D:1      | Found Ribemiargh's Book Emporium.
   173 | D:1      | Reached skill level 3 in Unarmed Combat
   173 | D:1      | Gained mutation: Spells you cast may paralyse adjacent
                  | enemies. [demonic ancestry]
   173 | D:1      | Reached XP level 2. HP: 21/21 MP: 2/2
   173 | D:1      | Quit the game

Vanquished Creatures
  An endoplasm (D:1)
  A goblin (D:1)
  A kobold (D:1)
  4 bats (D:1)
  A rat (D:1)
8 creatures vanquished.

Table legend:
 A = Non-vault XP
 B = Vault XP
 C = Vault XP percentage of total XP
 D = Non-vault monster count
 E = Vault monster count
 F = Vault count percentage of total count
                 A         B        C        D         E       F
            +---------+---------+-------+---------+---------+-------
      Total |      12 |       0 |   0.0 |       8 |       0 |   0.0
            +---------+---------+-------+---------+---------+-------
        D:1 |      12 |       0 |   0.0 |       8 |       0 |   0.0
            +---------+---------+-------+---------+---------+-------

Skill      XL: |  1 |
---------------+----+-----
Unarmed Combat | 3 |  3.0
Fighting       | |  1.0
Dodging        | |  1.7
Shapeshifting  | |  2.9

Action                     || total
---------------------------++-------
  Melee: Unarmed           ||    31
   Stab: Sleeping          ||     1
 Armour: Animal skin       ||    15
  Dodge: Dodged            ||    30

Illustrated notes

Table legend:
 A = Kills in this place as a percentage of kills in the entire game.
 B = Kills by you in this place as a percentage of kills by you in the entire game.
 C = Kills by friends in this place as a percentage of kills by friends in the entire game.
 D = Other kills in this place as a percentage of other kills in the entire game.
 E = Experience gained in this place as a percentage of experience gained in the entire game.
 F = Experience gained in this place divided by the number of levels of this place that you have seen.
                   A       B       C       D       E      F
               +-------+-------+-------+-------+-------+----------------------
         Total | 100.0 | 100.0 |   N/A |   N/A | 100.0 |  12.0
       Dungeon | 100.0 | 100.0 |   N/A |   N/A | 100.0 |  12.0
               +-------+-------+-------+-------+-------+----------------------

Table legend: (Time is in decaauts)
 A = Elapsed time spent in this place.
 B = Non-inter-level travel time spent in this place.
 C = Inter-level travel time spent in this place.
 D = Time resting spent in this place.
 E = Time spent auto-exploring this place.
 F = Levels seen in this place.
 G = Mean time per level.
                   A        B        C        D        E       F      G
               +--------+--------+--------+--------+--------+-----+--------+
         Total |    171 |    171 |      0 |      0 |    102 |   1 |  171.0 |
       Dungeon |    171 |    171 |      0 |      0 |    102 |   1 |  171.0 |
               +--------+--------+--------+--------+--------+-----+--------+

Top non-repeatable levels by time:
     D:1: 171 daAuts
